 Dungeon Crawl Stone Soup version 0.23.2-30-g0e89c35649 (webtiles) character file.

Game seed: 3756856130253531385

107 diana the Slasher (level 4, -7/38 HPs)
             Began as a Minotaur Gladiator on June 13, 2019.
             Mangled by a gnoll
             ... wielding a +0 spear
              (8 damage)
             ... on level 2 of the Dungeon.
             The game lasted 00:01:14 (887 turns).

diana the Slasher (Minotaur Gladiator)               Turns: 887, Time: 00:01:14

Health: -7/38      AC:  3    Str: 19    XL:     4   Next: 56%
Magic:  3/3        EV: 13    Int:  5    God:
Gold:   88         SH:  0    Dex: 12    Spells: 3/3 levels left

rFire    . . .     SeeInvis .   a - +0 long sword
rCold    . . .     Gourm    .   (no shield)
rNeg     . . .     Faith    .   b - +0 leather armour
rPois    .         Spirit   .   (helmet restricted)
rElec    .         Reflect  .   (no cloak)
rCorr    .         Harm     .   (no gloves)
MR       .....                  (no boots)
Stlth    +.........             (no amulet)
HPRegen  0.12/turn              (no ring)
MPRegen  0.08/turn              (no ring)

@: no status effects
A: retaliatory headbutt, horns 2
a: no special abilities


You were on level 2 of the Dungeon.
You were not hungry.

You visited 1 branch of the dungeon, and saw 2 of its levels.

You collected 88 gold pieces.

Inventory:

Hand Weapons
 a - a +0 long sword (weapon)
Missiles
 d - 3 throwing nets (quivered)
Armour
 b - a +0 leather armour (worn)
 c - a +0 hat
Jewellery
 g - a cursed amulet of inaccuracy {unknown}
Scrolls
 h - a scroll of identify {unknown}
 j - a scroll of remove curse {unknown}
 k - a scroll of amnesia {unknown}
 l - a scroll of enchant weapon {unknown}
 m - a scroll of fog {unknown}
 n - a scroll of teleportation {unknown}
Potions
 e - a potion of agility {unknown}
 i - 2 potions of mutation {unknown}
 o - a potion of curing {unknown}
 p - 2 potions of degeneration {unknown}
Comestibles
 f - 4 rations


   Skills:
 + Level 3.3 Fighting
 * Level 5.0 Long Blades
 - Level 2.0 Throwing
 + Level 2.0 Armour
 + Level 3.9 Dodging


You had 3 spell levels left.
You didn't know any spells.
Your spell library was empty.

Dungeon Overview and Level Annotations

Branches:
Dungeon (2/15)

Altars:


Innate Abilities, Weirdness & Mutations

You reflexively headbutt those who attack you in melee.
You have a pair of horns on your head.


Message History

You furiously retaliate!
You headbutt the adder. The gnoll hits you with a +0 spear.
* * * LOW HITPOINT WARNING * * *
The adder closely misses you. You furiously retaliate!
You headbutt the adder. You hit the gnoll but do no damage.
The adder misses you. You furiously retaliate!
You headbutt the adder!
You kill the adder!
Your Long Blades skill increases to level 5!
The gnoll hits you with a +0 spear.
* * * LOW HITPOINT WARNING * * *
You hit the gnoll.
The gnoll is moderately wounded.
The gnoll barely misses you.
Unknown command.
You hit the gnoll.
The gnoll is severely wounded.
The gnoll hits you with a +0 spear.
* * * LOW HITPOINT WARNING * * *
The gnoll hits you with a +0 spear!
You die...

..........###.............
..........................
##............##............
..............#.............
........................... ..
..........##.#............ ....#
...####...#.............# .....
...# #.........##......###.....
...####...#..#..@†............#
...............g##.((.........##.
...#######.......)...(...........
###....###...........)(.#........
# #......#...<##....##...........
###.............)...##...........
.........#.......................
#...................##...........
.....................#........#..


You could see a gnoll.

Vanquished Creatures
  4 gnolls
  2 adders (D:2)
  4 leopard geckos
  8 bats
  3 giant cockroaches
  7 hobgoblins
  4 jackals (D:2)
  3 kobolds
  A frilled lizard (D:2)
  4 goblins (D:1)
  3 rats
43 creatures vanquished.

Notes
Turn   | Place    | Note
-------+----------+-------------------------------------------
     0 | D:1      | diana the Minotaur Gladiator began the quest for the Orb.
     0 | D:1      | Reached XP level 1. HP: 18/18 MP: 0/0
   173 | D:1      | Reached XP level 2. HP: 25/25 MP: 1/1
   203 | D:1      | Reached skill level 4 in Long Blades
   205 | D:1      | Reached skill level 1 in Armour
   265 | D:1      | Reached XP level 3. HP: 27/30 MP: 2/2
   852 | D:2      | Reached XP level 4. HP: 38/38 MP: 3/3
   885 | D:2      | Reached skill level 5 in Long Blades
   887 | D:2      | HP: 1/38 [gnoll/+0 spear (1)]
   887 | D:2      | Mangled by a gnoll

Skill      XL: |  1  2  3  4 |
---------------+-------------+-----
Long Blades    | 4 5 |  5.0
Armour         | 1 2 |  2.0
Fighting       | 3 |  3.3
Throwing       | |  2.0
Dodging        | |  3.9

Action                   |  1- 3 |  4- 6 || total
-------------------------+-------+-------++-------
Melee: Long sword        |    58 |    13 ||    71
       Headbutt          |    15 |     1 ||    16
Armor: Leather armour    |    20 |     1 ||    21
Dodge: Dodged            |    78 |    23 ||   101
       Rpst.: Long sword |    19 |     2 ||    21
